 Dungeon Crawl Stone Soup version 0.16.1-2-g95b8d4c (webtiles) character file.

30 Helmschank the Insei (level 3, -9/26 HPs)
             Began as a Merfolk Transmuter on Mar 25, 2015.
             Mangled by a gnoll
             ... wielding a +3 halberd
              (15 damage)
             ... on level 2 of the Dungeon.
             The game lasted 00:07:20 (1863 turns).

Helmschank the Insei (Merfolk Transmuter)           Turns: 1863, Time: 00:07:20

Health: -9/26      AC:  2    Str: 10    XL:     3   Next: 20%
Magic:  3/6        EV: 13    Int: 13    God:
Gold:   42         SH:  0    Dex: 14    Spells: 3 memorised, 0 levels left

rFire  . . .     SeeInvis .       - Unarmed
rCold  . . .     Clarity  .     c - +0 robe
rNeg   . . .     SustAb   .     (no shield)
rPois  .         Gourm    .     (no helmet)
rElec  .         Spirit   .     (no cloak)
rCorr  .         Warding  .     (no gloves)
rMut   .         Stasis   .     (no boots)
MR     .....                    (no amulet)
Stlth  +.........               (no ring)
                                (no ring)

@: not resistant to hostile enchantments, very unstealthy
A: change form in water, swift swim
a: no special abilities


You were on level 2 of the Dungeon.
You were not hungry.

You visited 1 branch of the dungeon, and saw 2 of its levels.

You collected 42 gold pieces.

Inventory:

Missiles
 i - 41 stones (quivered)
 w - 10 arrows
Armour
 c - a +0 robe (worn)
Scrolls
 b - a scroll of teleportation {unknown}
 e - 3 scrolls of identify {unknown}
 f - a scroll of noise {unknown}
 l - a scroll of recharging {unknown}
 m - a scroll of blinking {unknown}
Potions
 h - 2 potions of heal wounds {unknown}
 k - a potion of restore abilities {unknown}
Books
 d - a book of Changes

   Spells                             Type                      Level
   a - Beastly Appendage              Transmutation                1
   b - Sticks to Snakes               Transmutation                2
   c - Spider Form                    Transmutation/Poison         3
   d - Ice Form                       Ice/Transmutation            4
   e - Blade Hands                    Transmutation                5
Comestibles
 a - 2 bread rations
 g - a slice of pizza


   Skills:
 - Level 1.1 Fighting
 - Level 2.6 Dodging
 - Level 4.6 Unarmed Combat
 - Level 2.0 Spellcasting
 + Level 2.6 Transmutations
 + Level 0.0 Poison Magic


You couldn't memorise any spells.
You knew the following spells:

 Your Spells              Type           Power        Failure   Level  Hunger
a - Spider Form           Trmt/Pois      #.........   52%         3    ####...
w - Sticks to Snakes      Trmt           #.........   14%         2    ###....
z - Beastly Appendage     Trmt           #.....       10%         1    ##.....


Dungeon Overview and Level Annotations

Branches:
Dungeon (2/15)

Altars:
Gozag

Annotations:
D:2 Ijyb


Message History

Your ball python bites Ijyb.
Your ball python constricts Ijyb.
Your adder bites the gnoll but does no damage.
The gnoll hits your adder with an enchanted halberd.
Your adder dies!
Ijyb struggles to escape constriction.
The gnoll shouts!
Your ball python bites Ijyb.
Your ball python constricts Ijyb.
The gnoll hits you from afar with an enchanted halberd.
* * * LOW HITPOINT WARNING * * *
Ijyb struggles to escape constriction.
Your ball python bites Ijyb.
Your ball python constricts Ijyb.
Your ball python bites Ijyb.
Your ball python constricts Ijyb.
Ijyb struggles to escape constriction.
The gnoll looks more healthy.
Your ball python barely misses Ijyb.
Your ball python constricts Ijyb.
Ijyb escapes!
Wield which item (- for none, * to show all)? (? for menu, Esc to quit)
You are now empty-handed.
The gnoll hits you with an enchanted halberd!
Ouch! That really hurt!
You die...

#...# ..#.## #).$.#
#...# ####...####
###....%....##
.............##
#...........###
####...Sg._.@.#
#...##..g#.# .
......?....####.#
######.##.####.########
#.##.........((..#
#.##..###.######.#
#..........# #.#
#.#######..#####.# #.#
#........#


You could see Ijyb, a gnoll and a friendly ball python.

Vanquished Creatures
  A worm (D:2)
  4 bats
  2 hobgoblins
  3 kobolds
  A giant newt (D:2)
  5 goblins
  3 jackals (D:1)
  4 rats
23 creatures vanquished.

Notes
Turn   | Place    | Note
--------------------------------------------------------------
     0 | D:1      | Helmschank, the Merfolk Transmuter, began the quest for the Orb.
     0 | D:1      | Reached XP level 1. HP: 15/15 MP: 3/3
   498 | D:1      | Reached XP level 2. HP: 9/21 MP: 4/4
   718 | D:1      | Reached skill level 4 in Unarmed Combat
  1522 | D:2      | Reached XP level 3. HP: 21/26 MP: 6/6
  1665 | D:2      | Learned a level 3 spell: Spider Form
  1668 | D:2      | Learned a level 2 spell: Sticks to Snakes
  1826 | D:2      | Found an opulent altar of Gozag.
  1848 | D:2      | Noticed Ijyb
  1863 | D:2      | Mangled by a gnoll

Action                   || total
-------------------------++-------
Melee: Unarmed           ||    76
Throw: Stone             ||     9
 Cast: Beastly Appendage ||     1
       Sticks to Snakes  ||     2
  Eat: Chunk             ||     3
